 Dungeon Crawl Stone Soup version 0.25-a0-1104-g1bb6b8da34 (webtiles) character file.

Game seed: 10126250083702808531, levelgen mode: deterministic

108789 Ezendos the Warrior (level 16, 19/219 HPs)
             Began as an Ogre Transmuter on May 14, 2020.
             Was a High Priest of Makhleb.
             Quit the game on level 1 of the Shoals on May 16, 2020.
             The game lasted 02:56:43 (47609 turns).

Ezendos the Warrior (Ogre Transmuter)              Turns: 47609, Time: 02:56:44

Health: 19/219     AC:  8    Str: 18    XL:     16   Next: 50%
Magic:  2/30       EV: 14    Int: 23    God:    Makhleb [*****.]
Gold:   2589       SH:  0    Dex: 11    Spells: 12/35 levels left

rFire    . . .     SeeInvis .     - Unarmed
rCold    + + +     Gourm    .   (shield currently unavailable)
rNeg     . . .     Faith    .   (armour currently unavailable)
rPois    +         Spirit   +   (helmet currently unavailable)
rElec    .         Reflect  .   (cloak currently unavailable)
rCorr    .         Harm     .   (gloves unavailable)
MR       +....                  (boots unavailable)
Stlth    +.........             M - amulet of guardian spirit
HPRegen  0.46/turn              b - ring of protection from fire
MPRegen  0.22/turn              V - +6 ring of intelligence

@: ice-form, barbed spikes, very slightly contaminated, hasted and slowed
A: large, unfitting armour
a: End Transformation, Minor Destruction, Lesser Servant of Makhleb, Major
Destruction, Greater Servant of Makhleb, Renounce Religion


You were on level 1 of the Shoals.
You worshipped Makhleb.
Makhleb was extremely pleased with you.
You were not hungry.
You were a creature of crystalline ice.
You visited 4 branches of the dungeon, and saw 26 of its levels.
You also visited: Ossuary, Gauntlet and Ice Cave.

You collected 3427 gold pieces.
You spent 838 gold pieces at shops.

Inventory:

Hand Weapons
 T - the +2 mace of Oczychex {elec, rN+++ Str-5 Dex+3 SInv}
   (You found it in a Gauntlet)

   Occasionally, upon striking a foe, it will discharge some electrical energy
   and cause terrible harm.
   It affects your strength (-5).
   It affects your dexterity (+3).
   It renders you almost immune to negative energy.
   It lets you see invisible.
 X - a +9 short sword of venom
Missiles
 j - 329 arrows
 I - 3 throwing nets (quivered)
 U - 20 large rocks
Armour
 f - a +2 cloak (melded)
 h - a +2 hat (melded)
 P - a +0 kite shield of positive energy
 Z - a +2 robe of cold resistance (melded)
Magical Staves
 E - an uncursed staff of wizardry (melded)
Jewellery
 b - a ring of protection from fire (left front paw)
 l - an uncursed ring of see invisible
 y - an uncursed ring of wizardry
 C - an uncursed ring of protection from cold
 F - the ring of Gakic {AC+4 Str+4 Stlth+}
   (You found it on level 9 of the Dungeon)

   [ring of protection]

   It affects your AC (+4).
   It affects your strength (+4).
   It makes you more stealthy.
 M - an amulet of guardian spirit (around neck)
 V - a +6 ring of intelligence (right front paw)
Wands
 w - a wand of polymorph (24)
 x - a wand of flame (46)
 A - a wand of digging (6)
 J - a wand of iceblast (30)
 L - a wand of acid (10)
Scrolls
 i - 14 scrolls of remove curse
 k - 5 scrolls of immolation
 n - 11 scrolls of teleportation
 r - 4 scrolls of identify
 s - 5 scrolls of fear
 u - 4 scrolls of magic mapping
 D - a scroll of holy word
 G - 2 scrolls of amnesia
 H - a scroll of summoning
 K - 5 scrolls of vulnerability
 O - 2 scrolls of enchant armour
 S - a scroll of silence
Potions
 c - 2 potions of magic
 e - 4 potions of flight
 g - a potion of resistance
 m - 3 potions of berserk rage
 o - 2 potions of might
 p - 10 potions of curing
 q - 2 potions of brilliance
 t - a potion of heal wounds
 v - 3 potions of lignification
 z - 3 potions of haste
 B - 2 potions of ambrosia
 N - 3 potions of cancellation
 Q - 4 potions of invisibility
Miscellaneous
 a - a lightning rod (4/4)
Comestibles
 d - 28 rations


   Skills:
 + Level 17.3 Fighting
 - Level 10.0 Dodging
 - Level 5.7 Shields
 + Level 12.0 Unarmed Combat
 - Level 10.0 Spellcasting
 - Level 4.0 Charms
 - Level 1.0 Necromancy
 - Level 3.0 Translocations
 - Level 10.0 Transmutations
 - Level 4.0 Ice Magic
 - Level 6.5 Earth Magic
   Level 2.0 Poison Magic
 - Level 5.0 Invocations
 - Level 5.0 Evocations


You had 12 spell levels left.
You knew the following spells:

 Your Spells              Type           Power        Failure   Level  Hunger
b - Sticks to Snakes      Tmut           ######..     1%          2    None
c - Shroud of Golubria    Chrm/Tloc      ####..       1%          2    None
d - Ozocubu's Armour      Chrm/Ice       ####....     3%          3    None
e - Animate Skeleton      Necr           N/A          3%          1    None
f - Petrify               Tmut/Erth      #####...     1%          4    #......
B - Ice Form              Ice/Tmut       #####...     3%          4    #......
C - Blade Hands           Tmut           ######....   2%          5    ####...
E - Blink                 Tloc           N/A          2%          2    None

Your spell library contained the following spells:

 Spells                   Type           Power        Failure   Level  Hunger
 Apportation              Tloc           ####..       1%          1    None
 Beastly Appendage        Tmut           ######       1%          1    None
 Infusion                 Chrm           ####         1%          1    None
 Sandblast                Erth           #####.       1%          1    None
 Passwall                 Tmut/Erth      #####...     1%          2    None
 Song of Slaying          Chrm           ####....     1%          2    None
 Spider Form              Tmut/Pois      #####.....   1%          3    None
 Ignite Poison            Fire/Tmut/Pois ####....     3%          3    None
 Gell's Gravitas          Tloc           ####......   4%          3    None
 Lesser Beckoning         Tloc           ####......   4%          3    None
 Stone Arrow              Conj/Erth      ####..       4%          3    None
 Teleport Other           Tloc           ####....     4%          3    None
 Corona                   Hex            ##.....      5%          1    None
 Foxfire                  Conj/Fire      ##..         5%          1    None
 Summon Small Mammal      Summ           ##..         5%          1    None
 Spectral Weapon          Hex/Chrm       ###.....     8%          3    None
 Recall                   Summ/Tloc      N/A          9%          3    None
 Lee's Rapid Deconstruct  Erth           #####.....   11%         5    ####...
 Passage of Golubria      Tloc           N/A          16%         4    #......
 Conjure Flame            Conj/Fire      ##......     17%         3    None
 Inner Flame              Hex/Fire       ##......     17%         3    None
 Borgnjor's Vile Clutch   Necr/Erth      ####......   32%         5    ####...
 Animate Dead             Necr           N/A          36%         4    #......
 Sticky Flame             Conj/Fire      ##......     50%         4    #......
 Bolt of Magma            Conj/Fire/Erth ###.......   54%         5    ####...
 Fireball                 Conj/Fire      ##........   83%         5    ####...
 Simulacrum               Ice/Necr       ###.......   97%         6    ######.
 Death Channel            Necr           ###.......   99%         6    ######.
 Chain Lightning          Conj/Air       ##........   100%        8    #######
 Lehudib's Crystal Spear  Conj/Erth      ####......   100%        8    #######
 Absolute Zero            Ice            ####......   100%        9    #######
 Fire Storm               Conj/Fire      ##........   100%        9    #######


Dungeon Overview and Level Annotations

Branches:
Dungeon (15/15)            Temple (0/1) D:4            Lair (6/6) D:9
 Shoals (1/4) Lair:2        Snake (4/4) Lair:2        Slime (0/5) Lair:5
    Orc (0/2) D:10         Vaults (0/5) D:13         Depths (0/5) D:15
Ossuary (visited)           IceCv (visited)         Gauntlet (visited)

Altars:
Cheibriados
Dithmenos
Elyvilon
Hepliaklqana
Makhleb
Okawaru
Qazlal
Trog
Vehumet
Wu Jian
Xom
Yredelemnul
The Shining One
Beogh

Shops:
D:7 ?   D:9 [   D:15 =   Snake:3 *

Portals:
Abyss: Lair:4

Annotations:
D:10 exclusion: wizard
D:13 1 runed translucent door, Deudwume's ghost, novice DsFi
D:14 2 transporters, Azrael; Jorgrun; Nuhysch's ghost, journeyman GrEE
Lair:4 2 transporters, Qovairph's ghost, journeyman GrEE
Lair:5 exclusions: electric eel and 1 more exclusion
Lair:6 exclusion: 4 oklob plants
Snake:3 1 runed translucent door, Dott's ghost, journeyman DrFE


Innate Abilities, Weirdness & Mutations

You are too large for most types of armour.
((You have tough skin. (AC +1)))


Message History

Okay, then.
As you read the scroll of fear, it crumbles to dust.
You assume a fearsome visage.
The cyclops looks frightened!
The dream sheep looks frightened!
The dream sheep bleats in terror.
The dream sheep looks frightened!
The dream sheep bleats in terror.
The barbed spikes dig painfully into your body as you move.
* * * LOW HITPOINT WARNING * * *
The barbed spikes dig painfully into your body as you move.
* * * LOW HITPOINT WARNING * * *
The barbed spikes dig painfully into your body as you move.
* * * LOW HITPOINT WARNING * * *
The barbed spikes dig painfully into your body as you move.
* * * LOW HITPOINT WARNING * * *
The barbed spikes dig painfully into your body as you move.
* * * LOW HITPOINT WARNING * * *
Quiver which item? (- for none, * to show all) (? for menu, Esc to quit)
Okay, then.
Are you sure you want to abandon this character and quit the game? (Confirm with "yes".)

?.# #.mPP.≈≈≈≈
.P.##..≈≈≈≈≈≈$≈≈≈≈≈≈≈≈≈≈≈≈≈≈≈≈
#(.P..≈≈≈≈≈≈≈.≈≈≈..≈≈≈≈≈≈≈≈≈≈≈
#....≈((≈≈≈..≈≈≈≈≈≈≈≈≈≈≈≈≈≈≈≈≈
....cHkHc≈##(.≈≈≈≈≈≈≈≈≈≈≈≈≈≈≈≈
###...c≈≈.##...≈≈≈≈≈≈≈≈≈≈≈≈≈≈≈
##...(c≈≈.H..%H≈≈≈≈≈≈≈≈≈≈≈≈≈≈≈
....(≈((.≈≈≈≈≈≈..≈≈≈≈≈≈≈≈≈≈≈≈≈
....≈≈≈≈....≈≈..Y.≈≈≈≈≈≈≈≈≈≈≈≈
≈.##........≈≈###.≈≈≈≈≈≈≈≈≈≈≈≈
≈##.....≈≈...≈ #..≈≈≈≈≈≈≈≈≈≈≈≈
...≈≈≈≈≈≈..≈....≈≈≈≈≈≈≈≈≈≈≈≈≈
≈≈≈≈≈.≈≈≈≈≈≈≈.....≈.≈≈≈≈≈≈≈≈≈≈
≈≈≈≈..≈≈≈≈≈≈≈≈≈.....≈≈≈≈≈≈≈≈≈≈
≈≈≈≈..≈≈≈≈≈≈≈≈≈≈...≈Y≈≈≈≈≈≈≈≈≈
≈≈≈≈≈..C≈≈≈≈≈≈≈≈≈≈≈
≈≈≈≈.......≈≈≈≈≈


You could see 2 manticores, a cyclops (fleeing) and a dream sheep (fleeing).

Vanquished Creatures
  Nikola (Snake:2)
  Gastronok (D:8)
  A frost giant (IceCv)
  Nessos (D:13)
  2 entropy weavers (Lair:6)
  A minotaur (Gauntlet)
  Snorg (Lair:4)
  9 naga warriors
  3 hydras
  2 anacondas (Snake:1)
  A rakshasa (D:11)
  2 centaur warriors
  5 two-headed ogres
  3 death yaks
  A queen ant (Lair:6)
  5 naga sharpshooters
  4 shock serpents
  A salamander mystic (Snake:3)
  3 unseen horrors
  A naga ritualist (Snake:3)
  3 deep elf magi
  4 ugly things
  5 mana vipers
  4 cyclopes (D:12)
  4 manticores
  8 salamanders
  21 black mambas
  A torpor snail (Gauntlet)
  An elephant (shapeshifter) (D:12)
  3 elephants
  3 guardian serpents
  Joseph (D:10)
  An ice statue (IceCv)
  10 naga magi
  A gargoyle (D:12)
  18 spiny frogs
  A rime drake (IceCv)
  4 komodo dragons
  4 red devils (D:13)
  17 polar bears
  A queen bee (Lair:3)
  3 trolls
  3 tyrant leeches
  A merfolk (D:9)
  Prince Ribbit (D:6)
  18 blink frogs
  5 hippogriffs
  A centaur simulacrum (D:12)
  3 wyverns
  A vampire (D:13)
  3 large abominations (Gauntlet)
  A shadow (D:15)
  3 basilisks
  39 yaks
  4 fire elementals
  10 vampire mosquitoes
  2 wraiths
  3 hungry ghosts
  4 soldier ants (Lair:6)
  29 nagas
  5 hell hounds
  8 porcupines
  9 water moccasins
  2 ice beasts
  5 sky beasts
  2 black bears
  9 orc warriors
  5 small abominations (Gauntlet)
  25 wolves
  A centaur (D:12)
  8 ogres
  3 eyes of draining
  6 crocodiles
  A big kobold (D:10)
  30 bullfrogs
  A water moccasin zombie (D:8)
  6 scorpions
  32 killer bees
  2 electric eels (Lair:6)
  3 howler monkeys (D:8)
  4 crimson imps
  5 jellies
  A human zombie (Ossuary)
  A centaur zombie (D:11)
  7 hounds
  8 orc priests
  2 bullfrog zombies
  6 centaur skeletons
  A bullfrog skeleton (D:4)
  A gnoll shaman (D:4)
  An iron imp (D:8)
  5 iguanas
  10 orc wizards
  20 worker ants
  A big kobold zombie (Ossuary)
  4 mummies
  A hound skeleton (D:7)
  4 gnolls
  A howler monkey skeleton (D:8)
  11 adders
  6 shadow imps
  11 white imps (D:12)
  A worker ant simulacrum (D:10)
  4 oozes
  2 adder skeletons
  An adder zombie (D:7)
  2 worms
  A dart slug (D:1)
  7 leopard geckos
  83 orcs
  5 giant cockroaches
  2 gnoll zombies (Ossuary)
  8 goblins
  3 hobgoblins
  17 jackals
  12 kobolds
  6 quokkas
  A ball python (D:7)
  5 bats
  8 frilled lizards
  A goblin zombie (Ossuary)
  2 hobgoblin zombies (Ossuary)
  An orc zombie (Ossuary)
  6 rats
  3 plants (Lair:6)
752 creatures vanquished.

Vanquished Creatures (collateral kills)
  A nagaraja (Snake:3)
  A hydra (Lair:4)
  2 anacondas
  A two-headed ogre (D:10)
  A guardian serpent (Snake:2)
  An elephant (Lair:6)
  A black mamba (Snake:2)
  4 spiny frogs
  2 komodo dragons
  5 dream sheep (Lair:6)
  A yak (IceCv)
  A basilisk (Lair:2)
  A naga (Snake:2)
  A soldier ant (Lair:6)
  An acid dragon (D:12)
  An orc warrior (D:12)
  A wolf (Lair:3)
  2 crocodiles
  6 killer bees
  2 worker ants (Lair:6)
  An adder (D:2)
  A white imp (D:12)
  2 plants
40 creatures vanquished.

Vanquished Creatures (others)
  A salamander (Snake:2)
  A polar bear (IceCv)
  A soldier ant (D:13)
  A sky beast (D:14)
  3 wolves (IceCv)
  17 fungi
  42 plants
66 creatures vanquished.

Grand Total: 858 creatures vanquished

Notes
Turn   | Place    | Note
-------+----------+-------------------------------------------
     0 | D:1      | Ezendos the Ogre Transmuter began the quest for the Orb.
     0 | D:1      | Reached XP level 1. HP: 19/19 MP: 3/3
   113 | D:1      | Reached skill level 2 in Fighting
   124 | D:1      | Reached XP level 2. HP: 23/29 MP: 5/5
   143 | D:1      | Learned a level 2 spell: Sticks to Snakes
   316 | D:1      | Reached skill level 3 in Fighting
   891 | D:1      | Reached XP level 3. HP: 37/39 MP: 6/6
  1532 | D:2      | Reached skill level 4 in Fighting
  2411 | D:2      | Upgraded the game from 0.25-a0-1071-g2607d5cfa1 to
                  | 0.25-a0-1078-gea6e5d949a
  2554 | D:2      | Reached XP level 4. HP: 49/49 MP: 1/7
  3245 | D:3      | Found a shimmering altar of Xom.
  3248 | D:3      | Found an ornate altar of the Wu Jian Council.
  3250 | D:3      | Found a white marble altar of Elyvilon.
  3252 | D:3      | Found a basalt altar of Yredelemnul.
  3252 | D:3      | Found a burning altar of Makhleb.
  3252 | D:3      | Found a shadowy altar of Dithmenos.
  3268 | D:3      | Became a worshipper of Makhleb the Destroyer
  3791 | D:3      | Reached XP level 5. HP: 46/55 MP: 7/9
  3981 | D:4      | Found a staircase to the Ecumenical Temple.
  3993 | D:4      | Reached skill level 5 in Fighting
  4300 | D:4      | Reached XP level 6. HP: 60/66 MP: 10/10
  4470 | D:4      | Reached skill level 6 in Fighting
  4619 | D:5      | Entered Level 5 of the Dungeon
  4672 | D:5      | Learned a level 3 spell: Spider Form
  4677 | D:5      | Learned a level 4 spell: Ice Form
  4724 | D:5      | Reached * piety under Makhleb
  4836 | D:5      | Reached XP level 7. HP: 76/76 MP: 9/11
  5002 | D:5      | Reached skill level 1 in Invocations
  5106 | D:5      | Reached skill level 1 in Ice Magic
  5106 | D:5      | Reached skill level 1 in Poison Magic
  6017 | D:6      | Reached skill level 7 in Fighting
  6163 | D:6      | Reached XP level 8. HP: 73/87 MP: 10/12
  6390 | D:6      | Reached skill level 5 in Transmutations
  6422 | D:6      | Reached skill level 8 in Fighting
  7271 | D:7      | Found a bloodstained altar of Trog.
  7340 | D:6      | Reached ** piety under Makhleb
  7538 | D:7      | Found a glowing golden altar of the Shining One.
  7564 | D:7      | Reached skill level 9 in Fighting
  7564 | D:7      | Reached XP level 9. HP: 68/98 MP: 10/13
  7806 | D:7      | Found Unaiquga's Magic Scroll Boutique.
  7869 | D:7      | Reached skill level 5 in Invocations
  7908 | D:7      | Found a sand-covered staircase.
  7914 | Ossuary  | Entered an ossuary
  8652 | D:7      | Found a hazy altar of Hepliaklqana.
  8653 | D:7      | Found a stormy altar of Qazlal.
  8653 | D:7      | Found a radiant altar of Vehumet.
  8758 | D:7      | Bought a scroll of magic mapping for 45 gold pieces
  8758 | D:7      | Bought a scroll of blinking for 97 gold pieces
  8758 | D:7      | Bought a scroll of teleportation for 39 gold pieces
  8758 | D:7      | Bought a scroll of teleportation for 39 gold pieces
  8758 | D:7      | Bought a scroll of identify for 26 gold pieces
  9126 | D:8      | Found an iron altar of Okawaru.
  9144 | D:8      | Reached skill level 10 in Fighting
  9902 | D:8      | Reached skill level 5 in Spellcasting
  9987 | D:8      | Noticed Gastronok
 10110 | D:6      | Noticed Prince Ribbit
 10226 | D:6      | Killed Prince Ribbit
 10226 | D:6      | Reached XP level 10. HP: 111/111 MP: 12/17
 10391 | D:6      | Reached *** piety under Makhleb
 10483 | D:6      | Reached skill level 11 in Fighting
 11189 | D:8      | Reached skill level 5 in Unarmed Combat
 11364 | D:8      | Learned a level 2 spell: Shroud of Golubria
 11368 | D:8      | Learned a level 3 spell: Ozocubu's Armour
 11579 | D:8      | Found a snail-covered altar of Cheibriados.
 11692 | D:8      | Found a roughly hewn altar of Beogh.
 11851 | D:8      | Reached skill level 1 in Charms
 12125 | D:8      | Reached skill level 1 in Translocations
 12398 | D:9      | Got a brightly glowing silver ring
 12405 | D:9      | Got a flickering amber ring
 12408 | D:9      | Identified the ring of Gakic {AC+4 Str+4 Stlth+} (You found
                  | it on level 9 of the Dungeon)
 12410 | D:9      | Identified the ring of the Marlin {Dex+2 Stlth+} (You found
                  | it on level 9 of the Dungeon)
 12448 | D:9      | Found Lautimpo's Armour Boutique.
 12467 | D:9      | Found a staircase to the Lair.
 12485 | D:9      | Found a snail-covered altar of Cheibriados.
 13357 | Lair:1   | Entered Level 1 of the Lair of Beasts
 13481 | Lair:1   | Reached **** piety under Makhleb
 13732 | Lair:1   | Noticed a spiny frog
 13749 | Lair:1   | Killed a spiny frog
 14767 | Lair:2   | Found a staircase to the Shoals.
 14767 | Lair:2   | Noticed a manticore
 14789 | Lair:2   | Killed a manticore
 15030 | Lair:2   | Reached XP level 11. HP: 123/123 MP: 14/20
 15203 | Lair:2   | Reached skill level 12 in Fighting
 15334 | Lair:2   | Noticed Sonja
 15409 | D:10     | Entered Level 10 of the Dungeon
 15930 | D:10     | Learned a level 2 spell: Blink
 15944 | D:10     | Noticed a deep elf mage
 15979 | D:10     | Killed a deep elf mage
 15979 | D:10     | Reached skill level 1 in Evocations
 16346 | D:10     | Noticed a two-headed ogre
 16365 | D:10     | Killed a two-headed ogre
 16383 | D:10     | Noticed Joseph
 16400 | D:10     | Killed Joseph
 16467 | D:10     | Found a staircase to the Orcish Mines.
 16827 | D:10     | Noticed a wizard
 17977 | Lair:2   | Sonja changed into something unseen
 17979 | Lair:2   | Noticed Sonja
 17992 | Lair:2   | Killed Sonja the unseen horror
 18135 | Lair:2   | Found a staircase to the Snake Pit.
 19450 | Lair:3   | Reached skill level 5 in Dodging
 19796 | Lair:2   | Reached XP level 12. HP: 80/133 MP: 18/22
 19799 | Lair:2   | Reached skill level 13 in Fighting
 20773 | Lair:3   | Reached ***** piety under Makhleb
 21326 | Lair:4   | Noticed a thrashing horror
 21369 | Lair:4   | Found a transporter.
 21395 | Lair:4   | Noticed a rakshasa
 21425 | Lair:4   | Found a transporter.
 21447 | Lair:4   | Noticed a seven-headed hydra
 21460 | Lair:4   | Killed a seven-headed hydra
 21505 | Lair:4   | Learned a level 1 spell: Animate Skeleton
 21630 | Lair:4   | Found a one-way gate to the infinite horrors of the Abyss.
 21630 | Lair:4   | Noticed Qovairph's ghost (journeyman GrEE)
 21675 | Lair:4   | Noticed Snorg
 21994 | Lair:4   | Reached skill level 1 in Necromancy
 22517 | Lair:5   | Found a staircase to the Slime Pits.
 22939 | Lair:5   | Noticed a death yak
 22942 | Lair:5   | Noticed a death yak
 22943 | Lair:5   | Noticed a death yak
 22970 | Lair:4   | Learned a level 4 spell: Petrify
 23088 | Lair:4   | Killed a death yak
 23287 | Lair:3   | Killed a death yak
 23400 | Lair:4   | Reached skill level 1 in Earth Magic
 23412 | Lair:4   | Reached skill level 14 in Fighting
 23530 | Lair:4   | Killed a death yak
 23719 | Lair:5   | Reached skill level 5 in Evocations
 23862 | Lair:6   | Entered Level 6 of the Lair of Beasts
 23991 | Lair:6   | Reached XP level 13. HP: 103/146 MP: 12/24
 26682 | Lair:6   | Noticed an entropy weaver
 26686 | Lair:6   | Killed an entropy weaver
 26689 | Lair:6   | Noticed an entropy weaver
 27380 | D:11     | Reached skill level 15 in Fighting
 28176 | D:9      | Bought a +0 kite shield of positive energy for 110 gold
                  | pieces
 28320 | D:11     | Learned a level 5 spell: Blade Hands
 28384 | D:12     | Found a frozen archway.
 28390 | D:12     | Reached XP level 14. HP: 159/159 MP: 22/26
 28425 | IceCv    | Entered an ice cave
 28625 | IceCv    | Reached skill level 1 in Shields
 28778 | IceCv    | Reached skill level 5 in Earth Magic
 29053 | IceCv    | Reached ****** piety under Makhleb
 29121 | IceCv    | Noticed a frost giant
 29216 | IceCv    | Killed a frost giant
 29563 | IceCv    | Got a steaming war axe
 30064 | D:12     | Reached skill level 10 in Unarmed Combat
 31796 | D:12     | Reached skill level 5 in Shields
 32230 | D:9      | Bought a +2 robe of cold resistance for 230 gold pieces
 32444 | D:13     | Noticed Nessos
 32453 | D:13     | Killed Nessos
 32481 | D:13     | Noticed Azrael
 32874 | D:13     | Identified the +6 war axe "Sarcophage" {elec, Dex+4} (You
                  | found it in an ice cave)
 33037 | D:13     | Found a gate to the Vaults.
 34268 | D:13     | Noticed Jorgrun
 34391 | D:13     | Reached XP level 15. HP: 155/167 MP: 18/27
 34531 | D:13     | Found a runed translucent door.
 34532 | D:13     | Noticed Deudwume's ghost (novice DsFi)
 34886 | D:14     | Found a transporter.
 34888 | D:14     | Found a transporter.
 34891 | D:14     | Noticed Nuhysch's ghost (journeyman GrEE)
 35384 | D:15     | Entered Level 15 of the Dungeon
 35413 | D:15     | Found Tuwk's Jewellery Emporium.
 35479 | D:15     | Found a gate leading to a gauntlet.
 35489 | Gauntlet | Entered a Gauntlet
 35489 | Gauntlet | Found a transporter.
 35498 | Gauntlet | Found a transporter.
 35514 | Gauntlet | Found a transporter.
 35518 | Gauntlet | Found a transporter.
 35538 | Gauntlet | Found a transporter.
 35551 | Gauntlet | Found a transporter.
 35556 | Gauntlet | Found a transporter.
 35560 | Gauntlet | Found a transporter.
 35583 | Gauntlet | Found a transporter.
 35591 | Gauntlet | Found a transporter.
 35591 | Gauntlet | Found a transporter.
 35602 | Gauntlet | Found a transporter.
 35730 | Gauntlet | Got a bloodstained cloak
 35763 | Gauntlet | Identified the cursed +0 cloak of Limitation {rN+ Regen+
                  | Int-3} (You found it in a Gauntlet)
 36081 | Gauntlet | Identified the +7 short sword "Cokhliwk" {vorpal, Fragile
                  | +Inv rC+ MR+}
 36104 | Gauntlet | Identified the Handbook of the Torrid Rocks
 36125 | Gauntlet | Got a slimy mace
 36745 | D:8      | Killed Gastronok
 37201 | D:13     | Identified the cursed +1 trident "Wogoryleg" {flame, Int-5
                  | Dex+5}
 37747 | Lair:4   | Killed Snorg
 37919 | Lair:6   | Reached skill level 16 in Fighting
 38049 | Lair:6   | Identified a scroll of acquirement
 38531 | Snake:1  | Entered Level 1 of the Snake Pit
 39829 | Snake:1  | Got an ichor-stained great sword
 39906 | Snake:1  | Identified the +6 great sword "Qelutu Comux" {vorpal, *Rage
                  | MP+9 Str+3} (You found it on level 1 of the Snake Pit)
 40014 | Snake:1  | Reached skill level 10 in Dodging
 40130 | Snake:1  | HP: 8/171 [naga warrior/+0 war axe (23)]
 40130 | Snake:1  | HP: 3/171 [naga warrior/+0 war axe (5)]
 41743 | Snake:2  | Identified the +2 pair of gloves "Orax" {+Inv rF+++ rC-
                  | Int+4}
 41743 | Snake:2  | Noticed Nikola
 42252 | Snake:2  | Killed Nikola
 42542 | Snake:2  | Identified the +5 hunting sling "Ryklacyew" {flame, rF+}
 42756 | Snake:2  | Reached XP level 16. HP: 180/180 MP: 23/28
 43430 | Snake:2  | Found a white marble altar of Elyvilon.
 44679 | Snake:2  | Upgraded the game from 0.25-a0-1078-gea6e5d949a to
                  | 0.25-a0-1104-g1bb6b8da34
 44719 | Snake:3  | Reached skill level 17 in Fighting
 45643 | Snake:3  | Found Uwec Sob's General Store.
 45711 | Snake:3  | HP: 10/219 [naga sharpshooter/arrow (11)]
 46034 | Snake:3  | Bought a scroll of identify for 32 gold pieces
 46034 | Snake:3  | Bought a scroll of teleportation for 48 gold pieces
 46034 | Snake:3  | Bought a potion of curing for 48 gold pieces
 46034 | Snake:3  | Bought a ration for 80 gold pieces
 46034 | Snake:3  | Bought 4 large rocks for 44 gold pieces
 46034 | Snake:3  | Identified the +2 mace of Oczychex {elec, rN+++ Str-5 Dex+3
                  | SInv} (You found it in a Gauntlet)
 46166 | Snake:3  | Found a runed translucent door.
 46166 | Snake:3  | Found a shimmering altar of Xom.
 46166 | Snake:3  | Noticed Dott's ghost (journeyman DrFE)
 46166 | Snake:3  | Identified the cursed +3 battleaxe of the Spectre {chaos,
                  | Str+7 Int-2}
 46200 | Snake:3  | Reached skill level 10 in Transmutations
 46316 | Snake:3  | Noticed a nagaraja
 47107 | Snake:3  | Killed a nagaraja
 47169 | Snake:3  | Reached skill level 10 in Spellcasting
 47490 | Snake:4  | Entered Level 4 of the Snake Pit
 47580 | Shoals:1 | Entered Level 1 of the Shoals
 47609 | Shoals:1 | Quit the game

Illustrated notes

Levels and vault maps discovered:
D:1:      minmay_arrival_radiant_lines, layout_loops_ring,
          corexii_item_surrounded_by_moat
D:2:      layout_loops_ring
D:3:      layout_loops_ring, grunt_temple_overflow_open, first_ration,
          minmay_misc_feat_iff, minmay_bisected
D:4:      layout_cave_pools, minmay_temple_entry_sparse_star,
          supply_closet_lemuel
D:5:      layout_cave_pods
D:6:      layout_gridville, uniq_prince_ribbit1
D:7:      layout_rooms, minitemple, gup_ossuary_entry_pyramid, basic_altar,
          serial_shops, shop
D:8:      layout_loops_cross, slow_altar_1, okawaru_ov_weapons_minmay,
          special_room [special_room_orc], uniq_gastronok
D:9:      layout_roguey, lair_entry_dummy, basic_altar, serial_shops,
          shop_statue, hangedman_fish_farm, serial_bayou_crossing
D:10:     minmay_cornered_nines, layout_irregular_city, hiddenorc1_lemuel,
          laboratory, uniq_joseph
D:11:     layout_loops_cross
D:12:     minmay_isolated_rectangles_in_corner, layout_basic,
          portal_ice_cave_entry_imps, kb_rosetta
D:13:     layout_big_octagon, david_vaults_1, ebering_ghost_funeral_grove,
          einodemon_armed_red_devil_minivault, uniq_jorgrun, uniq_nessos,
          uniq_azrael
D:14:     layout_roguey, nicolae_two_hexagons, gammafunk_ghost_hive
D:15:     hangedman_depths_entry_civil_slaughter, layout_loops_cross,
          gauntlet_entry_generic, minmay_shop_grid_forest, uniq_rupert,
          uniq_roxanne
Lair:1:   layout_cave_pods
Lair:2:   layout_cave_pods, minmay_shoals_entry_beasts,
          minmay_snake_entry_guardpost_small, serial_bayou_pond_a,
          lemuel_fruit_fields, lemuel_fruit_fields, uniq_sonja
Lair:3:   layout_roguey [special_room_bee], grunt_megastairs_4
Lair:4:   layout_loops_ring, gammafunk_ghost_abyssal_escape, minivault_23,
          grunt_megastairs_5, infiniplex_staircase_pool, uniq_snorg
Lair:5:   layout_gridlike, nicolae_slime_entry_slimehenge, grunt_megastairs_1
Lair:6:   minmay_lair_end_frog_pond, layout_long_grid, wad_woods_antlair,
          minmay_lair_oklob_chamber
Shoals:1: layout_shoals
Snake:1:  layout_honeycomb, nrook_guardian_serpent_ordinary
Snake:2:  layout_gridlike, basic_altar, grunt_ministairs_15, uniq_nikola
Snake:3:  layout_misc_corridors, serial_shops, nicolae_shop_behind_doors,
          ebering_ghost_xom
Snake:4:  snake_pit, layout_layer_cave, drop_trap, serial_bayou_pond_c

Skill      XL: |  1  2  3  4  5  6  7  8  9 10 11 12 13 14 15 16 |
---------------+-------------------------------------------------+-----
Fighting       | 2 3 4 5 6 7 9 10 11 12 14 15 16 17 | 17.3
Transmutations | 2 3 4 5 6 7 8 9 10 | 10.0
Unarmed Combat | 3 4 5 7 8 9 10 11 12 | 12.0
Dodging        | 2 3 5 6 7 9 10 | 10.0
Spellcasting   | 3 5 6 7 8 10 | 10.0
Invocations    | 2 4 5 |  5.0
Ice Magic      | 1 2 4 |  4.0
Poison Magic   | 2 |  2.0
Charms         | 3 4 |  4.0
Translocations | 3 |  3.0
Evocations     | 3 5 |  5.0
Necromancy     | 1 |  1.0
Earth Magic    | 1 4 6 |  6.5
Shields        | 5 |  5.7

Action                   |  1- 3 |  4- 6 |  7- 9 | 10-12 | 13-15 | 16-18 || total
-------------------------+-------+-------+-------+-------+-------+-------++-------
Melee: Unarmed           |   126 |       |    78 |   135 |   844 |   218 ||  1401
       Headbutt          |     6 |     1 |     7 |    28 |    11 |       ||    53
       Kick              |     5 |     3 |    10 |    39 |    12 |       ||    69
       Punch             |     2 |       |     1 |    18 |    25 |       ||    46
       Short sword       |     8 |   131 |   283 |   622 |   364 |       ||  1408
       Staff             |       |       |       |       |       |     2 ||     2
Throw: Stone             |     2 |       |       |       |     1 |       ||     3
 Cast: Beastly Appendage |    19 |    12 |    16 |    34 |    14 |       ||    95
       Sticks to Snakes  |     5 |     7 |     9 |     7 |    46 |     7 ||    81
       Spider Form       |       |       |     7 |     1 |     8 |       ||    16
       Ice Form          |       |       |     3 |    17 |    65 |    26 ||   111
       Shroud of Golubri |       |       |       |    81 |    19 |     1 ||   101
       Ozocubu's Armour  |       |       |       |    59 |    42 |     7 ||   108
       Animate Skeleton  |       |       |       |     4 |    17 |       ||    21
       Petrify           |       |       |       |       |    22 |     2 ||    24
       Blink             |       |       |       |       |    10 |       ||    10
       Blade Hands       |       |       |       |       |    24 |     2 ||    26
Invok: Minor Destruction |       |       |     8 |    45 |    21 |       ||    74
       Lesser Servant of |       |       |       |    11 |    15 |     3 ||    29
 Abil: End Transformatio |       |       |     1 |     3 |     9 |     3 ||    16
Evoke: Wand              |       |       |       |     4 |     7 |       ||    11
  Use: Scroll            |     7 |     4 |    17 |    14 |    15 |     5 ||    62
       Potion            |       |       |       |       |     4 |     8 ||    12
 Stab: Distracted        |       |       |     1 |       |     4 |     1 ||     6
       Sleeping          |       |       |       |     2 |     6 |       ||     8
       Petrified         |       |       |       |       |    50 |     3 ||    53
       Petrifying        |       |       |       |       |     4 |       ||     4
       Paralysed         |       |       |       |       |     2 |       ||     2
  Eat: Chunk             |     2 |     8 |    13 |    36 |    44 |     3 ||   106
       Ration            |     1 |       |     4 |     4 |    10 |     4 ||    23
Armor: Robe              |    65 |    32 |    67 |   282 |   188 |     4 ||   638
       Skin              |       |       |     3 |    39 |   218 |    37 ||   297
       Troll leather arm |       |       |       |       |    26 |       ||    26
Dodge: Dodged            |    78 |    62 |   185 |   527 |   871 |   128 ||  1851
Block: Other             |       |       |       |       |    48 |       ||    48
       Kite shield       |       |       |       |       |     9 |       ||     9
       Reflection        |       |       |       |       |     5 |       ||     5

Table legend:
 A = Non-vault XP
 B = Vault XP
 C = Vault XP percentage of total XP
 D = Non-vault monster count
 E = Vault monster count
 F = Vault count percentage of total count
                 A         B        C        D         E       F
            +---------+---------+-------+---------+---------+-------
      Total |   92975 |   62439 |  40.2 |     501 |     287 |  36.4
            +---------+---------+-------+---------+---------+-------
        D:1 |      44 |       0 |   0.0 |      25 |       0 |   0.0
        D:2 |      56 |       0 |   0.0 |      18 |       0 |   0.0
        D:3 |      60 |       5 |   7.7 |      18 |       3 |  14.3
        D:4 |     330 |       0 |   0.0 |      17 |       0 |   0.0
        D:5 |     411 |       0 |   0.0 |      19 |       0 |   0.0
        D:6 |    1633 |     274 |  14.4 |      31 |       1 |   3.1
        D:7 |     680 |      18 |   2.6 |      18 |       1 |   5.3
        D:8 |    2148 |    2664 |  55.4 |      35 |      26 |  42.6
        D:9 |     605 |     282 |  31.8 |      13 |       1 |   7.1
       D:10 |    2504 |    1256 |  33.4 |      25 |      21 |  45.7
       D:11 |    2581 |    3522 |  57.7 |      14 |       8 |  36.4
       D:12 |    5391 |    7037 |  56.6 |      39 |      33 |  45.8
       D:13 |    3842 |    4883 |  56.0 |      26 |      12 |  31.6
       D:14 |    3446 |       0 |   0.0 |      13 |       0 |   0.0
       D:15 |     725 |       0 |   0.0 |       3 |       0 |   0.0
     Lair:1 |    1742 |       0 |   0.0 |       9 |       0 |   0.0
     Lair:2 |    2566 |    2121 |  45.3 |      15 |       9 |  37.5
     Lair:3 |    4658 |    1777 |  27.6 |      19 |      25 |  56.8
     Lair:4 |    6103 |     943 |  13.4 |      21 |       2 |   8.7
     Lair:5 |    3329 |    3570 |  51.7 |      13 |      17 |  56.7
     Lair:6 |    4885 |   13618 |  73.6 |      17 |      55 |  76.4
    Snake:1 |   15505 |     457 |   2.9 |      30 |       1 |   3.2
    Snake:2 |    9651 |    4439 |  31.5 |      18 |       3 |  14.3
    Snake:3 |   20080 |       0 |   0.0 |      45 |       0 |   0.0
    Ossuary |       0 |     135 | 100.0 |       0 |      11 | 100.0
      IceCv |       0 |   10948 | 100.0 |       0 |      47 | 100.0
   Gauntlet |       0 |    4490 | 100.0 |       0 |      11 | 100.0
            +---------+---------+-------+---------+---------+-------
